 Dungeon Crawl Stone Soup version 0.29-a0-311-gcbd9eb2193 (webtiles) character file.

Game seed: 8745057183354718261

2053 Ajdolov the Fighter (level 9, -17/101 (102) HPs)
             Began as an Ogre Fire Elementalist on Mar 28, 2022.
             Demolished by a boulder beetle (30 damage)
             ... on level 8 of the Dungeon.
             The game lasted 00:11:36 (9692 turns).

Ajdolov the Fighter (Ogre Fire Elementalist)        Turns: 9692, Time: 00:11:37

HP:   -17/101 (102) AC:  4    Str: 14    XL:     9   Next: 25%
MP:   16/22         EV:  9    Int: 20    God:
Gold: 243           SH:  0    Dex:  9    Spells: 24/27 levels left

rFire   . . .      SeeInvis .   s - +5 dagger
rCold   . . .      Faith    .   (no shield)
rNeg    . . .      Spirit   .   a - +0 robe
rPois   +          Reflect  .   (helmet restricted)
rElec   .          Harm     .   D - +0 cloak
rCorr   .          Rampage  .   (gloves unavailable)
Will    +....                   (boots unavailable)
Stlth   +.........              J - amulet of the acrobat
HPRegen 0.26/turn               y - ring of willpower
MPRegen 0.18/turn               x - ring of poison resistance

@: lightly drained
A: large, unfitting armour, tough skin 1
a: no special abilities


You were on level 8 of the Dungeon.
You visited 2 branches of the dungeon, and saw 9 of its levels.

You collected 243 gold pieces.

Inventory:

Hand Weapons
 s - a +5 dagger (weapon)
Missiles
 c - a throwing net
Armour
 a - a +0 robe (worn)
 D - a +0 cloak (worn)
Jewellery
 h - a ring of positive energy
 x - a ring of poison resistance (right hand)
 y - a ring of willpower (left hand)
 z - a ring of protection from cold
 G - an amulet of faith
 H - a ring of positive energy
 J - an amulet of the acrobat (around neck)
Wands
 t - a wand of iceblast (1)
 I - a wand of flame (9)
Scrolls
 d - 3 scrolls of amnesia {unknown}
 j - a scroll of enchant armour {unknown}
 m - 4 scrolls of noise {unknown}
 n - a scroll of fear {unknown}
 o - 6 scrolls of identify {unknown}
 p - a scroll of fog {unknown}
 q - 3 scrolls of blinking {unknown}
 u - a scroll of vulnerability {unknown}
 w - 2 scrolls of summoning {unknown}
 A - 2 scrolls of teleportation {unknown}
 B - a scroll of silence {unknown}
 C - a scroll of holy word {unknown}
 F - a scroll of magic mapping {unknown}
Potions
 b - a potion of magic
 e - 4 potions of curing
 f - 2 potions of haste {unknown}
 g - 2 potions of mutation {unknown}
 i - 2 potions of resistance {unknown}
 k - 3 potions of might {unknown}
 l - 2 potions of lignification {unknown}
 r - a potion of attraction {unknown}
 v - 2 potions of heal wounds {unknown}
 E - a potion of ambrosia {unknown}


   Skills:
 - Level 10.7 Fighting
 - Level 1.7 Dodging
 - Level 1.4 Stealth
 * Level 9.5 Spellcasting
 - Level 0.8 Conjurations
 * Level 2.9 Fire Magic


You had 24 spell levels left.
You knew the following spells:

 Your Spells              Type           Power      Damage    Failure   Level
a - Foxfire               Conj/Fire      68%        2x1d7     3%          1
b - Scorch                Fire           42%        2d7       3%          2

Your spell library contained the following spells:

 Spells                   Type           Power      Damage    Failure   Level
 Magic Dart               Conj           52%        1d5       4%          1
 Shock                    Conj/Air       44%        1d5       6%          1
 Conjure Flame            Conj/Fire      17%        6-21      10%         3
 Call Imp                 Summ           9%         N/A       11%         2
 Inner Flame              Hex/Fire       15%        N/A       12%         3
 Mephitic Cloud           Conj/Pois/Air  10%        N/A       19%         3
 Gell's Gravitas          Tloc           9%         N/A       22%         3
 Lesser Beckoning         Tloc           9%         N/A       22%         3
 Swiftness                Air            9%         N/A       22%         3
 Teleport Other           Tloc           9%         N/A       22%         3
 Flame Wave               Conj/Fire      17%        2d6       32%         4
 Airstrike                Air            4%         N/A       58%         4
 Leda's Liquefaction      Hex/Erth       4%         N/A       58%         4
 Lee's Rapid Deconstruct  Erth           4%         3d6*      90%         5
 Statue Form              Tmut/Erth      6%         N/A       100%        6


Dungeon Overview and Level Annotations

Branches:
Dungeon (8/15)             Temple (1/1) D:4
   Lair: D:8-11

Altars:
Cheibriados
Dithmenos
Elyvilon
Fedhas
Gozag
Hepliaklqana
Kikubaaqudgha
Makhleb
Nemelex Xobeh
Okawaru
Qazlal
Ru
Sif Muna
Trog
Uskayaw
Xom
Yredelemnul
Zin
The Shining One

Shops:
D:2 :   D:4 *


Innate Abilities, Weirdness & Mutations

You are too large for most types of armour.
You have tough skin. (AC +1)


Message History

The boulder beetle stops rolling and uncurls.
Aiming: Iceblast
Press: ? - help, Shift-Dir - straight line The mass of ice explodes!
The iceblast engulfs the boulder beetle but does no damage.
The boulder beetle is lightly wounded.
The boulder beetle bites you!!
Unknown command.
Okay, then.
The boulder beetle attacks as you move away!
The boulder beetle bites you!
* * * LOW HITPOINT WARNING * * *
Magic courses through your body.
The boulder beetle bites you but does no damage.
Casting: Scorch (safe; 3% risk of failure)
Press: ? - help, Q - select action, (/) - cycle Dir - look around, f - activate Flames lash the boulder beetle but do no damage.
The boulder beetle leaps!
Unknown command.
Aiming: Iceblast
Press: ? - help, Shift-Dir - straight line The mass of ice explodes!
The iceblast engulfs the boulder beetle!
The boulder beetle is lightly wounded.
Unknown command.
Casting: Scorch (safe; 3% risk of failure)
Press: ? - help, Q - select action, (/) - cycle Dir - look around, f - activate Flames lash the boulder beetle but do no damage.
Casting: Scorch (safe; 3% risk of failure)
Press: ? - help, Q - select action, (/) - cycle Dir - look around, f - activate Flames lash the boulder beetle.
The boulder beetle is lightly wounded.
The boulder beetle's fire resistance burns away.
The boulder beetle bites you!
* * * LOW HITPOINT WARNING * * *
Casting: Scorch (safe; 3% risk of failure)
Press: ? - help, Q - select action, (/) - cycle Dir - look around, f - activate Flames lash the boulder beetle but do no damage.
The boulder beetle bites you!!
You die...

..# #.###..#####.# ..#
#.#..........# #.#
#.(.......#### ##.#
###.####### ## ##..#
#.##.## ##.
####...#########.#...####..
+.............B.........+..
##......B#####.#...####..
#...###@# #.##.## ##.
#.#○###.# #.#### ##
#.#°.##.# #.# # # ##○##.#
#.# #°##.# #.# #..○....#
#.# ........#### #.#
######..# #.# # #..#
#.##########


You could see a boulder beetle (combustible).

Vanquished Creatures
  A wyvern (D:7)
  An ice beast (D:6)
  An ogre (D:5)
  A phantom (D:5)
  2 kobold brigands (D:7)
  3 necrophages
  3 bullfrogs (D:8)
  3 scorpions
  5 wights
  A howler monkey (D:4)
  2 hounds
  2 jellies (D:6)
  3 orc priests
  5 iguanas
  2 orc wizards (D:7)
  Robin (D:2)
  8 adders
  4 gnolls (D:6)
  A white imp (D:7)
  2 ufetubi
  2 worms (D:2)
  A dart slug (D:1)
  21 orcs
  5 ball pythons
  3 endoplasms
  A giant cockroach (D:3)
  19 goblins
  13 hobgoblins
  6 jackals
  13 kobolds
  2 quokkas
  6 bats
  5 frilled lizards
  2 rats
150 creatures vanquished.

Vanquished Creatures (others)
  11 foxfires (D:1)
11 creatures vanquished.

Grand Total: 161 creatures vanquished

Notes
Turn   | Place    | Note
-------+----------+-------------------------------------------
     0 | D:1      | Ajdolov the Ogre Fire Elementalist began the quest for the
                  | Orb.
     0 | D:1      | Reached XP level 1. HP: 16/16 MP: 3/3
   101 | D:1      | Reached skill level 1 in Fighting
   252 | D:1      | Reached XP level 2. HP: 23/27 MP: 5/5
   321 | D:1      | Learned a level 2 spell: Scorch
   604 | D:1      | Reached skill level 2 in Fighting
   889 | D:1      | Reached XP level 3. HP: 18/35 MP: 0/7
  1792 | D:2      | Reached skill level 3 in Fighting
  2024 | D:2      | Found Hududgh's Book Boutique.
  2195 | D:3      | Found a hazy altar of Hepliaklqana.
  2275 | D:3      | Noticed Robin
  2294 | D:3      | Reached XP level 4. HP: 45/45 MP: 4/9
  2407 | D:2      | Killed Robin
  3373 | D:3      | Reached skill level 4 in Fighting
  3373 | D:3      | Reached XP level 5. HP: 54/54 MP: 4/11
  3834 | D:4      | Reached skill level 5 in Fighting
  3834 | D:4      | Reached skill level 5 in Spellcasting
  3959 | D:4      | Found a staircase to the Ecumenical Temple.
  3990 | Temple   | Entered the Ecumenical Temple
  4273 | D:4      | Reached XP level 6. HP: 66/66 MP: 10/13
  4629 | D:4      | Found Gam Zenilo's CLEARANCE SALE!.
  4906 | D:5      | Entered Level 5 of the Dungeon
  5003 | D:5      | Reached skill level 6 in Fighting
  5091 | D:5      | Reached XP level 7. HP: 72/76 MP: 8/16
  5642 | D:5      | Reached skill level 7 in Fighting
  6233 | D:6      | Reached skill level 8 in Fighting
  6233 | D:6      | Reached XP level 8. HP: 81/88 MP: 6/18
  7479 | D:7      | Reached skill level 9 in Fighting
  7964 | D:7      | Noticed a wyvern
  7978 | D:7      | Killed a wyvern
  7979 | D:7      | Reached skill level 10 in Fighting
  8280 | D:7      | Reached XP level 9. HP: 63/101 MP: 3/21
  9658 | D:8      | Noticed a boulder beetle
  9692 | D:8      | Demolished by a boulder beetle

Illustrated notes

Levels and vault maps discovered:
D:1:      mrwooster_arrival_statue_2, layout_rooms
D:2:      layout_rooms, serial_shops, nicolae_square_shop,
          hangedman_abyss_or_decor_lesser_grid
D:3:      layout_loops_ring, mainiacjoe_overflow_catwalk, uniq_robin
D:4:      layout_cave_pods, minmay_temple_entry_drinking_statues,
          nicolae_shop_clearance
D:5:      layout_cave_pods
D:6:      layout_gridville
D:7:      layout_loops_ring
D:8:      layout_loops_corners
Temple:   dpeg_five_rooms_temple

Skill      XL: |  1  2  3  4  5  6  7  8  9 |
---------------+----------------------------+-----
Fighting       | 1 2 3 4 5 6 8 10 | 10.7
Spellcasting   | 3 4 5 6 7 8 9 |  9.5
Dodging        | |  1.7
Stealth        | |  1.4
Conjurations   | |  0.8
Fire Magic     | |  2.9

Action                   |  1- 3 |  4- 6 |  7- 9 || total
-------------------------+-------+-------+-------++-------
Melee: Short sword       |    62 |     7 |       ||    69
       Unarmed           |     1 |       |       ||     1
       Dagger            |       |    19 |    17 ||    36
       Punch             |       |       |     1 ||     1
 Cast: Foxfire           |     6 |       |       ||     6
       Scorch            |    36 |    68 |   148 ||   252
Evoke: Wand              |       |       |     5 ||     5
  Use: Potion            |       |       |     2 ||     2
Armor: Robe              |    29 |    13 |    13 ||    55
Dodge: Dodged            |    42 |    26 |    58 ||   126

Table legend: (Time is in decaauts)
 A = Elapsed time spent in this place.
 B = Non-inter-level travel time spent in this place.
 C = Inter-level travel time spent in this place.
 D = Time resting spent in this place.
 E = Time spent auto-exploring this place.
 F = Levels seen in this place.
 G = Mean time per level.
                   A        B        C        D        E       F      G
               +--------+--------+--------+--------+--------+-----+--------+
         Total |   9702 |   9468 |    234 |   1774 |   6491 |   9 | 1078.0 |
       Dungeon |   9444 |   9258 |    186 |   1774 |   6298 |   8 | 1180.5 |
        Temple |    257 |    209 |     48 |      0 |    193 |   1 |  257.0 |
               +--------+--------+--------+--------+--------+-----+--------+

Top non-repeatable levels by time:
     D:6: 1687 daAuts
     D:3: 1555 daAuts
     D:7: 1476 daAuts
     D:1: 1431 daAuts
     D:5: 1208 daAuts
     D:2: 947 daAuts
     D:4: 723 daAuts
     D:8: 413 daAuts
  Temple: 257 daAuts
